 Dungeon Crawl Stone Soup version 0.22-a0-443-g17c3723 (webtiles) character file.

189 wazuzu the Sneak (level 5, 0/24 HPs)
             Began as a Vine Stalker Enchanter on May 31, 2018.
             Was an Initiate of Kikubaaqudgha.
             Slain by a centaur (7 damage)
             ... on level 3 of the Dungeon.
             The game lasted 00:07:26 (2361 turns).

wazuzu the Sneak (Vine Stalker Enchanter)           Turns: 2361, Time: 00:07:27

Health: 0/24       AC:  8    Str: 12    XL:     5   Next: 68%
Magic:  0/9        EV: 10    Int: 15    God:    Kikubaaqudgha [......]
Gold:   209        SH:  0    Dex: 14    Spells: 7/8 levels left

rFire    . . .     SeeInvis .   a - +1 dagger
rCold    . . .     Gourm    .   (no shield)
rNeg     . . .     Faith    .   g - +0 ring mail
rPois    .         Spirit   +   q - +0 helmet
rElec    .         Reflect  .   (no cloak)
rCorr    .         Harm     .   (no gloves)
MR       .....                  b - +1 pair of boots
Stlth    ++........             (no amulet)
HPRegen  0.48/turn              (no ring)
MPRegen  0.11/turn              (no ring)

@: no status effects
A: fangs 2, regeneration 1, magic shield, antimagic bite, no potion heal 3, rot
immunity
a: Renounce Religion


You were on level 3 of the Dungeon.
You worshipped Kikubaaqudgha.
Kikubaaqudgha was noncommittal.
You were not hungry.

You visited 1 branch of the dungeon, and saw 3 of its levels.

You collected 209 gold pieces.

Inventory:

Hand Weapons
 a - a +1 dagger (weapon)
Missiles
 f - 162 stones (quivered)
Armour
 b - a +1 pair of boots (worn)
 g - a +0 ring mail (worn)
 q - a +0 helmet (worn)
Jewellery
 k - an uncursed ring of wizardry {unknown}
 m - an uncursed amulet of faith {unknown}
Scrolls
 c - 3 scrolls of remove curse
 e - 2 scrolls of enchant armour
 i - a scroll of fog {unknown}
 r - a scroll of teleportation {unknown}
 s - 4 scrolls of identify {unknown}
 t - a scroll of blinking {unknown}
Potions
 h - 2 potions of curing
 j - 3 potions of haste {unknown}
 n - a potion of heal wounds {unknown}
 o - a potion of agility {unknown}
 p - a potion of mutation {unknown}
Comestibles
 d - 6 rations
 l - 7 chunks of flesh


   Skills:
 * Level 4.0 Short Blades
 - Level 1.5 Dodging
 + Level 5.4 Stealth
 - Level 2.1 Spellcasting
 - Level 3.0 Hexes


You had 7 spell levels left.
You knew the following spells:

 Your Spells              Type           Power        Failure   Level  Hunger
a - Corona                Hex            ##.....      14%         1    #......

Your spell library contained the following spells:

 Spells                   Type           Power        Failure   Level  Hunger
 Confuse                  Hex            ##......     41%         3    ###....
 Tukima's Dance           Hex            ##......     41%         3    ###....
 Ensorcelled Hibernation  Hex/Ice        #.....       38%         2    ###....
 Dazzling Spray           Conj/Hex       #.....       63%         3    ###....


Dungeon Overview and Level Annotations

Branches:
Dungeon (3/15)

Altars:
Kikubaaqudgha
Nemelex Xobeh


Innate Abilities, Weirdness & Mutations

You have extremely sharp teeth.
Your natural rate of healing is unusually fast.
When hurt, damage is shared between your health and your magic reserves.
Your bite disrupts and absorbs the magic of your enemies.
Potions cannot restore your health.
You are immune to rotting.


Message History

The centaur hits you but does no damage.
You barely miss the centaur.
The centaur is lightly wounded.
The centaur barely misses you.
You hit the centaur.
The centaur is lightly wounded.
The centaur hits you. x2
You hit the centaur.
The centaur is moderately wounded.
The centaur hits you!
You hit the centaur but do no damage.
The centaur is moderately wounded.
The centaur hits you.
* * * LOW HITPOINT WARNING * * *
You hit the centaur but do no damage.
The centaur is moderately wounded.
The centaur hits you but does no damage.
It was a potion of curing.
That felt strangely inert.
The centaur hits you!
You die...
Kikubaaqudgha rasps: "You have failed me!
Welcome... death!"

#...[.†.....#
#.#########.# #.#
######.###### #.#
#...........#
######^####.####.####.#
...................#
#.#
##.#.##.(######.#..#
#.# # #.(# #.#..# #.##
#.@######.#..###...
#.c................
#...######.########.
##..$ ..#..# #.
##.###.#.## #. ###
##.##.#.# #. #.## #.#
#.#.# #. ##.###.# #.#.#
#. ##.#.# #.#.# #.


You could see a centaur.

Vanquished Creatures
  Jessica (D:3)
  Robin (D:2)
  4 adders
  4 gnolls
  An ooze (D:1)
  A leopard gecko (D:1)
  2 orcs (D:3)
  8 bats
  5 giant cockroaches
  15 goblins
  8 hobgoblins
  3 jackals (D:2)
  3 kobolds (D:2)
  A quokka (D:2)
  5 frilled lizards
  7 rats
69 creatures vanquished.

Notes
Turn   | Place    | Note
-------+----------+-------------------------------------------
     0 | D:1      | wazuzu the Vine Stalker Enchanter began the quest for the Orb.
     0 | D:1      | Reached XP level 1. HP: 9/9 MP: 4/4
    51 | D:1      | Reached skill level 1 in Short Blades
   179 | D:1      | Reached XP level 2. HP: 9/13 MP: 6/6
   294 | D:1      | Reached skill level 4 in Stealth
   699 | D:1      | Reached XP level 3. HP: 16/16 MP: 7/7
  1077 | D:2      | Noticed Robin
  1282 | D:2      | Gained mutation: Your natural rate of healing is unusually fast. [Vine Stalker growth]
  1282 | D:2      | Reached XP level 4. HP: 14/21 MP: 6/8
  1595 | D:2      | Reached skill level 5 in Stealth
  1609 | D:2      | Killed Robin
  1609 | D:2      | Reached XP level 5. HP: 22/24 MP: 9/9
  1634 | D:2      | Found a sparkling altar of Nemelex Xobeh.
  2244 | D:3      | Found an ancient bone altar of Kikubaaqudgha.
  2251 | D:3      | Became a worshipper of Kikubaaqudgha
  2316 | D:3      | Noticed Jessica
  2329 | D:3      | Killed Jessica
  2349 | D:3      | Noticed a centaur
  2361 | D:3      | Slain by a centaur

Vault maps used:
D:1:      dpeg_arrival_lava_temple_mockup
D:2:      overflow_temple_1_default, uniq_robin
D:3:      kiku_gazebo_garden_becter, first_ration, nrook_uturn, uniq_jessica

Skill      XL: |  1  2  3  4  5 |
---------------+----------------+-----
Short Blades   | 1 2 3 4 |  4.0
Stealth        | 4 5 |  5.4
Dodging        | |  1.5
Spellcasting   | |  2.1
Hexes          | |  3.0

Action                   |  1- 3 |  4- 6 || total
-------------------------+-------+-------++-------
Melee: Dagger            |    90 |   161 ||   251
       Bite              |    21 |    41 ||    62
  Use: Scroll            |       |     2 ||     2
       Potion            |       |     1 ||     1
 Stab: Sleeping          |     8 |     3 ||    11
  Eat: Chunk             |     1 |     4 ||     5
Armor: Robe              |     9 |       ||     9
       Ring mail         |    13 |    63 ||    76
Dodge: Dodged            |    48 |    65 ||   113

Table legend:
 A = Spawn XP
 B = Non-spawn XP
 C = Spawn XP percentage of total XP
 D = Spawn monster count
 E = Non-spawn monster count
 F = Spawn count percentage of total count
 G = Total turns spent on level
                    A         B        C        D         E        F      G
               +---------+---------+-------+---------+---------+-------+---------
         Total |       0 |     270 |   0.0 |       0 |      69 |   0.0 |  2361
               +---------+---------+-------+---------+---------+-------+---------
           D:1 |       0 |      71 |   0.0 |       0 |      25 |   0.0 |  1023
           D:2 |       0 |     134 |   0.0 |       0 |      35 |   0.0 |  1047
           D:3 |       0 |      65 |   0.0 |       0 |       9 |   0.0 |   291
               +---------+---------+-------+---------+---------+-------+---------
